 Dungeon Crawl Stone Soup version 0.19.5 (webtiles) character file.

4502 JeffiDaFish the Geomancer (level 10, -6/53 HPs)
             Began as a Gargoyle Earth Elementalist on Mar 24, 2017.
             Was a Follower of Sif Muna.
             Mangled by DarkwingDuck's ghost (22 damage)
             ... on level 8 of the Dungeon.
             The game lasted 00:43:58 (11068 turns).

JeffiDaFish the Geomancer (GrEE)                   Turns: 11068, Time: 00:43:59

Health: -6/53      AC: 22    Str: 13    XL:     10   Next: 38%
Magic:  0/20       EV: 12    Int: 15    God:    Sif Muna [*.....]
Gold:   403        SH:  5    Dex: 13    Spells: 4 memorised, 9 levels left

rFire  . . .     SeeInvis .     f - +0 spear
rCold  . . .     Gourm    .     c - +0 steam dragon scales
rNeg   + . .     Faith    .     l - +0 buckler
rPois  ∞         Spirit   .     o - +0 helmet
rElec  +         Reflect  .     k - +1 cloak {+Inv}
rCorr  +         Harm     .     h - +2 pair of gloves
MR     +....                    w - +1 pair of boots
Stlth  ++........               (no amulet)
                                m - ring of protection from magic
                                x - ring of resist corrosion

@: very slightly contaminated, no casting
A: negative energy resistance 1, electricity resistance, unbreathing,
petrification resistance, rot immunity, AC +7
a: Stop Divine Energy, Renounce Religion, Evoke Invisibility


You were on level 8 of the Dungeon.
You worshipped Sif Muna.
Sif Muna was aware of your devotion.
You were not hungry.

You visited 2 branches of the dungeon, and saw 9 of its levels.
You also visited: Sewer.

You collected 403 gold pieces.

Inventory:

Hand Weapons
 f - a +0 spear (weapon)
Missiles
 b - 235 stones (quivered)
Armour
 c - +0 steam dragon scales (worn)
 h - a +2 pair of gloves (worn)
 k - a +1 cloak of invisibility (worn)
 l - a +0 buckler (worn)
 o - a +0 helmet (worn)
 w - a +1 pair of boots (worn)
Jewellery
 m - a ring of protection from magic (right hand)
 x - a ring of resist corrosion (left hand)
Scrolls
 a - 10 scrolls of identify
 g - 2 scrolls of magic mapping
 p - 2 scrolls of fog
Potions
 s - a potion of flight
 v - a potion of brilliance
Books
 e - a book of Geomancy

   Spells                             Type                      Level
   a - Sandblast                      Earth                        1
   b - Passwall                       Transmutation/Earth          2
   c - Stone Arrow                    Conjuration/Earth            3
   d - Petrify                        Transmutation/Earth          4
   e - Lee's Rapid Deconstruction     Earth                        5
 n - a book of Flames

   Spells                             Type                      Level
   a - Flame Tongue                   Conjuration/Fire             1
   b - Throw Flame                    Conjuration/Fire             2
   c - Conjure Flame                  Conjuration/Fire             3
   d - Inner Flame                    Hexes/Fire                   3
   e - Sticky Flame                   Conjuration/Fire             4
   f - Fireball                       Conjuration/Fire             5
Comestibles
 d - 3 bread rations
 i - 5 meat rations
 j - a beef jerky


   Skills:
 + Level 2.1 Fighting
   Level 0.6 Short Blades
 + Level 1.5 Polearms
 + Level 5.0 Armour
 - Level 2.1 Dodging
 - Level 2.4 Stealth
 - Level 6.3 Shields
 * Level 6.7 Spellcasting
 + Level 4.7 Conjurations
   Level 0.7 Transmutations
 + Level 3.6 Fire Magic
 * Level 8.9 Earth Magic
 + Level 3.5 Evocations


You had 9 spell levels left.
You knew the following spells:

 Your Spells              Type           Power        Failure   Level  Hunger
a - Sandblast             Erth           ####..       1%          1    None
b - Stone Arrow           Conj/Erth      ####..       2%          3    ##.....
c - Lee's Rapid Deconstr  Erth           ####......   12%         5    #####..
d - Sticky Flame          Conj/Fire      ###.....     28%         4    ####...


Dungeon Overview and Level Annotations

Branches:
Dungeon (8/15)             Temple (1/1) D:6
   Lair: D:8-11

Altars:
Ashenzari
Cheibriados
Dithmenos
Elyvilon
Fedhas
Gozag
Hepliaklqana
Kikubaaqudgha
Makhleb
Nemelex Xobeh
Okawaru
Qazlal
Ru
Sif Muna
Trog
Uskayaw
Vehumet
Xom
Zin
The Shining One
Lugonu

Shops:
D:8 :

Annotations:
D:3 dialectric's ghost, amateur GrFi
D:8 DarkwingDuck's ghost, novice TrBe; Erica


Innate Abilities, Weirdness & Mutations

You are resistant to torment.
Your stone body is resilient. (AC +7)
You are immune to poison.
You resist negative energy. (rN+)
You are resistant to electric shocks. (rElec)
You can survive without breathing.
You are immune to petrification.
You are immune to rotting.


Message History

DarkwingDuck's ghost is heavily damaged.
You block DarkwingDuck's ghost's attack.
Casting: Stone Arrow
Confirm with . or Enter, or press ? or * to list all spells.
Aiming: Stone Arrow
Press: ? - help, Shift-Dir - straight line, f/p - DarkwingDuck's ghost
Aim: DarkwingDuck's ghost (heavily damaged)
The stone arrow misses DarkwingDuck's ghost.
DarkwingDuck's ghost barely misses you.
Casting: Stone Arrow
Confirm with . or Enter, or press ? or * to list all spells.
Aiming: Sticky Flame
Press: ? - help, Shift-Dir - straight line, f/p - DarkwingDuck's ghost
Aim: DarkwingDuck's ghost (heavily damaged)
You miscast Sticky Flame.
You are very lightly contaminated with residual magic.
Nothing appears to happen.
Sif Muna grants you divine energy.
You briefly lose access to your magic!
DarkwingDuck's ghost hits you!!
You die...

###############
#...##........#
#...@W.######## ##
#...##.# ##8## #.
##### ##.###.##8...8
#. ....#
#.....##.........##.
###.#
#.###.#_.........>#.
#.#
#.....##.........###
#.#
#.###.##8...8...8##
###.# #.....#
##8###_## #...#
######.### #######


You could see DarkwingDuck's ghost.

Vanquished Creatures
  2 hippogriffs
  A hungry ghost (D:7)
  An orc warrior (D:7)
  2 black bears
  2 phantoms
  A hornet zombie (D:7)
  2 centaurs
  2 ogres
  9 bullfrogs
  A wyvern zombie (D:6)
  3 scorpions
  17 killer bees
  4 wights (D:7)
  2 howler monkeys (D:8)
  3 crimson imps
  3 hounds
  5 jellies
  A bullfrog skeleton (D:7)
  4 orc priests
  Crazy Yiuf (D:2)
  3 iguanas
  8 orc wizards
  6 worker ants
  A hound skeleton (D:7)
  A worker ant zombie (D:4)
  8 gnolls
  11 adders
  2 shadow imps
  10 oozes
  8 worms
  2 dart slugs (D:1)
  7 leopard geckos
  33 orcs
  15 bats
  10 giant cockroaches
  7 goblins
  6 hobgoblins
  18 jackals
  6 kobolds
  5 quokkas
  A ball python (Sewer)
  12 frilled lizards
  A jackal zombie (D:5)
  A leopard gecko skeleton (D:8)
  10 rats
258 creatures vanquished.

Notes
Turn   | Place    | Note
-------+----------+-------------------------------------------
     0 | D:1      | JeffiDaFish the Gargoyle Earth Elementalist began the quest for the Orb.
     0 | D:1      | Reached XP level 1. HP: 10/10 MP: 3/3
    96 | D:1      | Reached XP level 2. HP: 15/15 MP: 3/5
   154 | D:1      | Reached skill level 4 in Earth Magic
   318 | D:1      | Reached XP level 3. HP: 16/19 MP: 6/6
   735 | D:2      | Found a runed door.
   739 | D:2      | Noticed Crazy Yiuf
   750 | D:2      | Killed Crazy Yiuf
   750 | D:2      | Reached XP level 4. HP: 20/24 MP: 0/8
  1086 | D:2      | Reached skill level 5 in Earth Magic
  1092 | D:2      | Learned a level 3 spell: Stone Arrow
  1315 | D:2      | Reached XP level 5. HP: 28/28 MP: 7/9
  1735 | D:3      | Found an opulent altar of Gozag.
  2064 | D:3      | Reached skill level 1 in Fighting
  2104 | D:3      | Reached skill level 1 in Armour
  2293 | D:3      | Noticed dialectric's ghost (amateur GrFi)
  2351 | D:2      | Reached skill level 1 in Conjurations
  2603 | D:3      | Reached XP level 6. HP: 24/34 MP: 5/10
  3224 | D:4      | Reached skill level 1 in Evocations
  3425 | D:4      | Reached skill level 1 in Polearms
  3425 | D:4      | Reached XP level 7. HP: 21/38 MP: 4/12
  4235 | D:4      | Learned a level 5 spell: Lee's Rapid Deconstruction
  4349 | D:5      | Entered Level 5 of the Dungeon
  4359 | D:5      | Found a sparkling altar of Nemelex Xobeh.
  4370 | D:5      | Found a sacrificial altar of Ru.
  4381 | D:5      | Reached skill level 6 in Earth Magic
  4382 | D:5      | Found a hazy altar of Hepliaklqana.
  4382 | D:5      | Found a shattered altar of Ashenzari.
  4382 | D:5      | Found a glowing silver altar of Zin.
  4394 | D:5      | Found a blossoming altar of Fedhas.
  4396 | D:5      | Found a shadowy altar of Dithmenos.
  4517 | D:5      | Found a glowing drain.
  4557 | Sewer    | Entered a sewer
  5027 | Sewer    | Reached skill level 1 in Shields
  5619 | D:5      | Learned a level 4 spell: Sticky Flame
  5686 | D:5      | Reached XP level 8. HP: 42/44 MP: 0/14
  6143 | D:6      | Found a stormy altar of Qazlal.
  6233 | D:6      | Reached skill level 1 in Fire Magic
  6719 | D:6      | Found a staircase to the Ecumenical Temple.
  6733 | D:6      | Reached skill level 7 in Earth Magic
  6750 | D:6      | Reached skill level 5 in Spellcasting
  7055 | Temple   | Entered the Ecumenical Temple
  7069 | Temple   | Became a worshipper of Sif Muna the Loreminder
  7212 | D:6      | Reached XP level 9. HP: 42/48 MP: 7/16
  8196 | D:7      | Reached skill level 5 in Shields
  8529 | D:7      | Reached * piety under Sif Muna
  8529 | D:7      | Reached skill level 8 in Earth Magic
  9215 | D:7      | Reached XP level 10. HP: 23/53 MP: 2/19
  9520 | D:8      | Noticed DarkwingDuck's ghost (novice TrBe)
 10000 | D:8      | Found an ancient bone altar of Kikubaaqudgha.
 10222 | D:8      | Found Girust's Book Shoppe.
 10484 | D:8      | Found a white marble altar of Elyvilon.
 10552 | D:8      | Found a radiant altar of Vehumet.
 10555 | D:8      | Reached skill level 5 in Armour
 10612 | D:8      | Noticed Erica
 11068 | D:8      | Mangled by DarkwingDuck's ghost

Skill      XL: |  1  2  3  4  5  6  7  8  9 10 |
---------------+-------------------------------+-----
Earth Magic    | 4 5 6 7 8 |  8.9
Spellcasting   | 3 4 5 6 |  6.7
Dodging        | 2 |  2.1
Fighting       | 1 2 |  2.1
Armour         | 1 2 3 4 5 |  5.0
Conjurations   | 1 2 4 |  4.7
Evocations     | 1 2 3 |  3.5
Polearms       | 1 |  1.5
Shields        | 1 4 5 6 |  6.3
Fire Magic     | 1 3 |  3.6
Short Blades   | |  0.6
Stealth        | |  2.4
Transmutations | |  0.7

Action                   |  1- 3 |  4- 6 |  7- 9 | 10-12 || total
-------------------------+-------+-------+-------+-------++-------
Melee: Dagger            |    44 |       |       |       ||    44
       Mace              |       |   178 |       |       ||   178
       Spear             |       |   156 |   854 |   137 ||  1147
 Cast: Sandblast         |    38 |    97 |   144 |    52 ||   331
       Stone Arrow       |       |     4 |    87 |    46 ||   137
Invok: Divine Energy     |       |       |       |     1 ||     1
  Use: Scroll            |     4 |     3 |    11 |     4 ||    22
       Potion            |     1 |     5 |     7 |       ||    13
 Stab: Sleeping          |     2 |     2 |     2 |     1 ||     7
       Invisible         |     1 |       |       |       ||     1
  Eat: Chunk             |       |    10 |    25 |     8 ||    43
       Royal jelly       |       |       |     1 |       ||     1
       Bread ration      |       |       |       |     1 ||     1
Armor: Robe              |    16 |    22 |       |       ||    38
       Leather armour    |       |    87 |       |       ||    87
       Ring mail         |       |   117 |   155 |       ||   272
       Steam dragon scal |       |       |   317 |   109 ||   426
Dodge: Dodged            |    46 |   295 |   578 |    72 ||   991
Block: Buckler           |       |       |   161 |    42 ||   203
